 Dungeon Crawl Stone Soup version 0.24.0-1-gfbc8707 (webtiles) character file.

Game seed: 11909931082083185491, levelgen mode: deterministic

98 Fang the Skirmisher (level 4, 0/29 HPs)
             Began as a Gargoyle Berserker on Oct 31, 2019.
             Was a Believer of Trog.
             Slain by Grinder (3 damage)
             ... while paralysed by Grinder
             ... on level 3 of the Dungeon.
             The game lasted 00:01:38 (1380 turns).

Fang the Skirmisher (Gargoyle Berserker)            Turns: 1380, Time: 00:01:38

Health: 0/29       AC: 14    Str: 22    XL:     4   Next: 69%
Magic:  4/4        EV:  2    Int:  7    God:    Trog [**....]
Gold:   106        SH:  0    Dex:  9    Spells: 3/3 levels left

rFire    . . .     SeeInvis .   a - +0 hand axe
rCold    . . .     Gourm    .   (no shield)
rNeg     + . .     Faith    .   b - +0 plate armour
rPois    ∞         Spirit   .   (no helmet)
rElec    +         Reflect  .   (no cloak)
rCorr    .         Harm     .   (no gloves)
MR       .....                  (no boots)
Stlth    ..........             (no amulet)
HPRegen  0.09/turn              (no ring)
MPRegen  0.09/turn              (no ring)

@: paralysed, berserk cooldown, slowed
A: negative energy resistance 1, electricity resistance, unbreathing,
petrification resistance, rot immunity, AC +3
a: Berserk, Trog's Hand, Renounce Religion


You were on level 3 of the Dungeon.
You worshipped Trog.
Trog was pleased with you.
You were not hungry.

You visited 1 branch of the dungeon, and saw 3 of its levels.

You collected 106 gold pieces.

Inventory:

Hand Weapons
 a - a +0 hand axe (weapon)
Armour
 b - a +0 plate armour (worn)
Scrolls
 d - 4 scrolls of identify {unknown}
 e - a scroll of immolation {unknown}
 g - a scroll of fear {unknown}
 h - 2 scrolls of magic mapping {unknown}
 l - a scroll of remove curse {unknown}
 m - a scroll of enchant weapon {unknown}
 n - a scroll of teleportation {unknown}
Potions
 i - 4 potions of mutation {unknown}
 j - a potion of curing {unknown}
 k - 2 potions of brilliance {unknown}
Comestibles
 c - 9 rations


   Skills:
 * Level 4.2 Fighting
 * Level 3.5 Axes
 + Level 2.9 Armour
 + Level 2.1 Dodging


You had 3 spell levels left.
You didn't know any spells.
Your spell library was empty.

Dungeon Overview and Level Annotations

Branches:
Dungeon (3/15)

Altars:
Fedhas

Annotations:
D:3 Grinder


Innate Abilities, Weirdness & Mutations

You are resistant to torment.
Your stone body is resilient. (AC +3)
You are immune to poison.
You resist negative energy. (rN+)
You are resistant to electric shocks. (rElec)
You can survive without breathing.
You are immune to petrification.
You are immune to rotting.


Message History

* * * LOW HITPOINT WARNING * * *
You see here a chunk of flesh.
Eat a chunk of flesh? (ye/n/q)
You eat the chunk of flesh.
This raw flesh tastes terrible.
Grinder blinks!
The rat closely misses you. Grinder hits you.
* * * LOW HITPOINT WARNING * * *
You writhe in agony.
* * * LOW HITPOINT WARNING * * *
The rat closely misses you. Grinder hits you but does no damage.
There is a stone staircase leading up here.
Your skin stops crawling.
You feel less resistant to hostile enchantments.
The rat bites you but does no damage. Grinder gestures at you.
You suddenly lose the ability to move!
The rat bites you but does no damage. Grinder hits you but does no damage.
The rat bites you.
* * * LOW HITPOINT WARNING * * *
Grinder hits you.
You die...

...... ..... ...
..#####.#
#########.#.....#
........!........
..........#
#####5%..# #r@#.#
#....).#.#
.........#.#
.#.......#[#
....$....#$#
..?......#..
..#.###..### ..#.
#...


You could see Grinder and a rat.

Vanquished Creatures
  2 adders (D:2)
  3 oozes
  2 worms (D:2)
  3 dart slugs
  2 leopard geckos
  4 giant cockroaches
  7 hobgoblins
  7 jackals (D:1)
  5 kobolds
  A quokka (D:2)
  4 bats
  3 frilled lizards (D:1)
  3 goblins (D:1)
  7 rats
  A plant (D:1)
54 creatures vanquished.

Vanquished Creatures (others)
  4 plants (D:1)
4 creatures vanquished.

Grand Total: 58 creatures vanquished

Notes
Turn   | Place    | Note
-------+----------+-------------------------------------------
     0 | D:1      | Fang the Gargoyle Berserker began the quest for the Orb.
     0 | D:1      | Reached XP level 1. HP: 14/14 MP: 1/1
   112 | D:1      | Reached XP level 2. HP: 19/19 MP: 2/2
   467 | D:1      | Reached ** piety under Trog
   467 | D:1      | Reached XP level 3. HP: 21/24 MP: 3/3
   663 | D:2      | Found a blossoming altar of Fedhas.
   846 | D:2      | Reached skill level 4 in Fighting
   874 | D:2      | Reached XP level 4. HP: 29/29 MP: 4/4
  1350 | D:3      | Noticed Grinder
  1357 | D:3      | Paralysed by Grinder for 5 turns
  1378 | D:3      | Paralysed by Grinder for 3 turns
  1380 | D:3      | Slain by Grinder

Levels and vault maps discovered:
D:1:      dpeg_arrival_pits, layout_basic, serial_bayou_lagoon_a
D:2:      layout_loops_ring, wad_floor_pattern_2, fedhas_altar_3
D:3:      layout_basic, uniq_grinder, uniq_natasha

Skill      XL: |  1  2  3 |
---------------+----------+-----
Axes           | 3 |  3.5
Fighting       | 4 |  4.2
Dodging        | 2 |  2.1
Armour         | |  2.9

Action                   |  1- 3 |  4- 6 || total
-------------------------+-------+-------++-------
Melee: Hand axe          |   261 |    61 ||   322
Invok: Berserk           |       |     1 ||     1
       Trog's Hand       |       |     1 ||     1
  Eat: Chunk             |     1 |     2 ||     3
Armor: Plate armour      |   104 |    60 ||   164
Dodge: Dodged            |    48 |    25 ||    73
